 Dungeon Crawl Stone Soup version 0.29.1-1-gd02db6906a (webtiles) character file.

Game seed: 14193447065456177466

62344 smilodon the Grappler (level 14, -1/153 HPs)
             Began as a Troll Fighter on Sept 19, 2022.
             Was the Champion of Zin.
             Slain by an eight-headed hydra (13 damage)
             ... on level 3 of the Lair of Beasts.
             The game lasted 00:53:14 (19287 turns).

smilodon the Grappler (Troll Fighter)              Turns: 19287, Time: 00:53:15

Health: -1/153     AC: 12    Str: 27    XL:     14   Next: 64%
Magic:  17/17      EV: 10    Int:  4    God:    Zin [******]
Gold:   1557       SH: 14    Dex: 13    Spells: 13/13 levels left

rFire   . . .      SeeInvis .     - Unarmed
rCold   . . .      Faith    .   b - +0 kite shield
rNeg    . . .      Spirit   .   E - +0 troll leather armour
rPois   +          Reflect  +   (helmet restricted)
rElec   .          Harm     .   h - +1 cloak {rPois}
rCorr   .          Rampage  .   (gloves unavailable)
Will    +....                   (boots unavailable)
Stlth   +.........              l - amulet of reflection
HPRegen 1.95/turn               f - +4 ring of slaying
MPRegen 0.15/turn               B - +4 ring of protection

@: studying Fighting, very slow
A: large, unfitting armour, claws 3, regeneration 1, shaggy fur 1, tough skin 1
a: Renounce Religion, Recite, Vitalisation, Imprison, Sanctuary, Donate Gold


You were on level 3 of the Lair of Beasts.
You worshipped Zin.
Zin was exalted by your worship.
You visited 4 branches of the dungeon, and saw 21 of its levels.
You also visited: Gauntlet and Volcano.

You collected 2104 gold pieces.
You spent 337 gold pieces at shops.
You donated 210 gold pieces to Zin.

Inventory:

Hand Weapons
 P - a +0 vorpal giant spiked club
Missiles
 u - a throwing net
 x - 17 boomerangs
 C - 12 silver boomerangs
 R - 15 large rocks (quivered)
Armour
 b - a +0 kite shield (worn)
 h - a +1 cloak of poison resistance (worn)
 q - a +2 robe of cold resistance
 E - a +0 troll leather armour (worn)
 H - a +1 robe of resistance
Jewellery
 f - a +4 ring of slaying (left claw)
 l - an amulet of reflection (around neck)
 n - a ring of ice
 p - a ring of positive energy
 v - an amulet of guardian spirit
 B - a +4 ring of protection (right claw)
 F - a ring of wizardry
 J - the ring of Qiranwoe {rCorr MP+9 Int+3 Slay-5}
   (You found it in a Gauntlet)

   [ring of magical power]

   Int:       It affects your intelligence (+3).
   Slay:      It affects your accuracy & damage with ranged weapons and melee
   (-5).
   MP:        It affects your magic capacity (+9).
   rCorr:     It protects you from acid and corrosion.
 T - the amulet "Woowef" {Spirit Stlth+}
   (You found it in a Gauntlet)

   [amulet of guardian spirit]

   It causes incoming damage to be divided between your reserves of health and
   magic.
   Stlth:     It makes you more stealthy.
 U - the ring of the Morning {rCorr Dex+6}
   (You found it in a Gauntlet)

   [ring of resist corrosion]

   Dex:       It affects your dexterity (+6).
   rCorr:     It protects you from acid and corrosion.
Wands
 e - a wand of paralysis (6)
 k - a wand of digging (6)
 m - a wand of flame (25)
 w - a wand of light (4)
 y - a wand of iceblast (3)
 A - a wand of mindburst (12)
Scrolls
 a - a scroll of blinking
 c - a scroll of silence {unknown}
 i - 13 scrolls of teleportation
 o - 2 scrolls of amnesia
 r - 8 scrolls of identify
 t - 2 scrolls of enchant weapon
 z - 7 scrolls of fear
 I - a scroll of summoning
 L - 2 scrolls of fog
 N - a scroll of immolation
 O - 2 scrolls of poison
 Q - 4 scrolls of enchant armour
 V - a scroll of magic mapping
Potions
 d - 10 potions of curing
 g - 2 potions of resistance
 j - a potion of flight
 s - 3 potions of attraction
 D - 3 potions of might
 G - a potion of mutation
 K - a potion of brilliance
 M - 2 potions of ambrosia
 S - a potion of haste
 W - a potion of heal wounds
 X - a potion of berserk rage
 Y - a potion of invisibility


   Skills:
 * Level 13.2 Fighting
 * Level 8.5 Maces & Flails
 + Level 6.5 Throwing
 + Level 1.0 Armour
 + Level 6.4 Dodging
 + Level 6.6 Shields
 * Level 14.5 Unarmed Combat
 + Level 6.6 Invocations


You had 13 spell levels left.
You didn't know any spells.
Your spell library contained the following spells:

 Spells                   Type           Power      Damage    Failure   Level
 Apportation              Tloc           0%         N/A       80%         1
 Magic Dart               Conj           0%         1d3       80%         1
 Necrotise                Necr           0%         1d4       80%         1
 Summon Small Mammal      Summ           0%         N/A       80%         1
 Poisonous Vapours        Pois/Air       0%         N/A       90%         2
 Searing Ray              Conj           0%         2d4       90%         2
 Sublimation of Blood     Necr           0%         N/A       90%         2
 Wereblood                Tmut           0%         N/A       90%         2
 Gell's Gravitas          Tloc           0%         N/A       99%         3
 Lesser Beckoning         Tloc           0%         N/A       99%         3
 Ozocubu's Armour         Ice            0%         N/A       99%         3
 Portal Projectile        Hex/Tloc       0%         N/A       99%         3
 Stone Arrow              Conj/Erth      0%         3d7       99%         3
 Summon Guardian Golem    Hex/Summ       0%         N/A       99%         3
 Teleport Other           Tloc           0%         N/A       99%         3
 Tukima's Dance           Hex            0%         N/A       99%         3
 Animate Armour           Summ/Erth      0%         N/A       100%        4
 Corpse Rot               Necr/Pois/Air  0%         N/A       100%        4
 Fulminant Prism          Conj/Hex       0%         3d6       100%        4
 Leda's Liquefaction      Hex/Erth       0%         N/A       100%        4
 Blade Hands              Tmut           0%         N/A       100%        5
 Metabolic Englaciation   Hex/Ice        0%         N/A       100%        5
 Simulacrum               Ice/Necr       0%         N/A       100%        6
 Orb of Destruction       Conj           0%         9d5       100%        7
 Spellforged Servitor     Conj/Summ      0%         N/A       100%        7
 Summon Hydra             Summ           0%         N/A       100%        7
 Lehudib's Crystal Spear  Conj/Erth      0%         10d2      100%        8


Dungeon Overview and Level Annotations

Branches:
Dungeon (15/15)            Temple (1/1) D:5            Lair (3/5) D:9
  Swamp (0/4) Lair:3       Spider (0/4) Lair:3          Orc (2/2) D:10
    Elf (0/3) Orc:2        Vaults (0/5) D:14         Depths (0/4) D:15
Volcano (visited)         Gauntlet (visited)

Altars:
Cheibriados
Dithmenos
Elyvilon
Fedhas
Gozag
Hepliaklqana
Kikubaaqudgha
Makhleb
Nemelex Xobeh
Okawaru
Qazlal
Ru
Sif Muna
Trog
Uskayaw
Vehumet
Wu Jian
Xom
Yredelemnul
Zin
The Shining One

Shops:
D:1 [   D:4 =   D:9 :   D:10 [   Orc:2 *[*(:

Portals:
Trove: D:11 (give +6 demon trident)

Annotations:
D:8 Amaemon
D:12 5 runed translucent doors


Innate Abilities, Weirdness & Mutations

You are too large for most types of armour.
You have claws for hands.
Your natural rate of healing is unusually fast.
You are covered in fur. (AC +1)
You have tough skin. (AC +1)


Message History

You block the five-headed hydra's attack. x2
The five-headed hydra bites you. x2
The five-headed hydra bites you but does no damage.
The eight-headed hydra bites you.
The eight-headed hydra completely misses you.
The eight-headed hydra barely misses you.
The eight-headed hydra bites you!
You block the eight-headed hydra's attack.
The eight-headed hydra bites you. x2
The eight-headed hydra bites you but does no damage.
The five-headed hydra attacks as you move away!
The five-headed hydra bites you but does no damage.
The five-headed hydra misses you. The five-headed hydra bites you.
You block the five-headed hydra's attack. x2
The eight-headed hydra attacks as you move away!
You block the eight-headed hydra's attack. x2
The eight-headed hydra closely misses you. x2
The eight-headed hydra bites you! x3; The eight-headed hydra bites you.
The swamp worm attacks as you move away!
The swamp worm bites you but does no damage.
The swamp worm fires a harpoon shot at you.
The harpoon shot misses you.
The swamp worm fires a harpoon shot at you.
The harpoon shot hits you but does no damage.
The five-headed hydra bites you. The five-headed hydra bites you!
The five-headed hydra bites you. The five-headed hydra bites you!
The five-headed hydra bites you.
A tyrant leech comes into view.
The eight-headed hydra bites you. The eight-headed hydra bites you!
* * * LOW HITPOINT WARNING * * *
The eight-headed hydra bites you!
* * * LOW HITPOINT WARNING * * *
The eight-headed hydra bites you!
* * * LOW HITPOINT WARNING * * *
The eight-headed hydra bites you.
* * * LOW HITPOINT WARNING * * *
The eight-headed hydra completely misses you.
The eight-headed hydra bites you but does no damage.
The eight-headed hydra bites you!
You die...

###### #P#..#### ###^......♣
##....♣♣..♣♣♣♣♣♣♣
#....♣♣...@~w~≈≈♣
######....♣♣≈~DD≈~≈≈♣
##..........♣♣~≈§§~≈≈♣ ###
#..~~~~~~~~♣♣...≈~~≈♣♣♣####.#
#..~#~~##~~.♣♣...♣♣♣♣.......#
##.~####~~♣♣♣♣♣..w,,♣♣......#
## #..~#
*#~♣>~~♣♣♣♣,,*♣♣####.###.
##.~## ##~♣*~~~***,,** #..#.#
#..~~###~~♣♣*,,,***,,* #[....


You could see an eight-headed hydra, a five-headed hydra, a tyrant leech and a
swamp worm.

Vanquished Creatures
  Jorgrun (D:13)
  Kirke (D:12)
  An orc warlord (Orc:2)
  An entropy weaver (Gauntlet)
  A minotaur (Gauntlet)
  An ettin (D:15)
  Fannar (Lair:2)
  A boulder beetle (D:12)
  2 vault guards (D:14)
  3 hydras
  Erolcha (D:13)
  6 two-headed ogres
  4 centaur warriors
  2 tengu warriors
  Urug (D:12)
  A hell knight (Volcano)
  An orc high priest (Orc:2)
  A salamander mystic (Volcano)
  2 skeletal warriors
  A deep troll (D:15)
  An orb spider (Lair:3)
  A deep elf pyromancer (D:13)
  A deep elf zephyrmancer (D:15)
  5 orc knights
  3 orc sorcerers
  5 ugly things (D:14)
  4 cyclopes
  4 salamanders (Volcano)
  2 black mambas
  Maurice (D:8)
  A smoke demon (Gauntlet)
  3 cane toads
  2 rime drakes
  2 molten gargoyles (Volcano)
  5 komodo dragons
  An unseen horror (D:12)
  An efreet (D:13)
  A yaktaur (D:14)
  A red devil (Gauntlet)
  4 tengu conjurers
  Maggie (D:7)
  8 polar bears
  10 trolls
  3 blink frogs (Lair:1)
  A jumping spider (Gauntlet)
  6 slime creatures (D:12)
  Sigmund (D:2)
  4 wraiths
  22 yaks
  A water elemental (D:14)
  5 hogs (D:12)
  2 wyverns
  9 humans (D:14)
  7 fire bats
  5 basilisks
  A steam dragon (D:8)
  8 vampire mosquitoes
  Menkaure (D:6)
  6 wargs
  An acid dragon (D:10)
  Edmund (D:5)
  3 water moccasins
  A swamp worm (Lair:3)
  Duvessa (D:5)
  31 orc warriors
  3 ice beasts
  2 black bears
  2 sky beasts
  8 centaurs
  4 ogres
  A phantom (D:5)
  2 kobold brigands (D:9)
  2 necrophages (D:7)
  12 bullfrogs
  2 gnoll sergeants (D:9)
  A scorpion (D:6)
  7 wights (D:9)
  Dowan (D:5)
  An elephant simulacrum (Lair:1)
  8 killer bees
  The ghost of shmup the Ruffian, a weakling DrTm (D:3)
  An electric eel (D:14)
  7 howler monkeys
  3 crimson imps (Gauntlet)
  5 lava snakes
  5 hounds
  2 jellies
  20 orc priests
  Crazy Yiuf (D:5)
  A gnoll bouda (D:6)
  5 iguanas
  Ijyb (D:5)
  24 orc wizards
  A polar bear simulacrum (Lair:1)
  17 gnolls
  8 adders
  A shadow imp (D:6)
  2 white imps
  2 ufetubi (D:6)
  A dart slug (D:2)
  66 orcs
  4 bats
  4 endoplasms
  4 giant cockroaches
  8 goblins
  8 hobgoblins
  6 jackals
  15 kobolds
  4 quokkas
  10 ball pythons
  2 frilled lizards
  8 rats
523 creatures vanquished.

Vanquished Creatures (others)
  A vault guard (D:14)
  A human (D:13)
  A fungus (Lair:2)
  3 plants
6 creatures vanquished.

Grand Total: 529 creatures vanquished

Notes
Turn   | Place    | Note
-------+----------+-------------------------------------------
     0 | D:1      | smilodon the Troll Fighter began the quest for the Orb.
     0 | D:1      | Reached XP level 1. HP: 22/22 MP: 0/0
    28 | D:1      | Found Jaeppaul's Antique Armour Shoppe.
   113 | D:1      | Reached XP level 2. HP: 28/29 MP: 1/1
   372 | D:1      | Found a faded altar of an unknown god.
   991 | D:2      | Reached XP level 3. HP: 33/36 MP: 2/2
  1576 | D:2      | Identified the +1 ring mail of Fucewiady {rElec Int+4}
  1663 | D:2      | Noticed Sigmund
  1673 | D:2      | Killed Sigmund
  1674 | D:2      | Reached skill level 3 in Unarmed Combat
  1674 | D:2      | Reached XP level 4. HP: 43/45 MP: 3/3
  1674 | D:2      | Reached XP level 5. HP: 51/53 MP: 4/4
  2161 | D:3      | Noticed an ice beast
  2165 | D:3      | Killed an ice beast
  2166 | D:3      | Reached skill level 4 in Unarmed Combat
  2166 | D:3      | Reached XP level 6. HP: 62/62 MP: 5/5
  2454 | D:3      | Found a transporter.
  2457 | D:3      | Noticed shmup's ghost (weakling DrTm)
  2543 | D:3      | Found a transporter.
  2580 | D:3      | Killed shmup's ghost
  2781 | D:4      | Found Wetwig's Jewellery Shop.
  2786 | D:4      | Reached XP level 7. HP: 70/70 MP: 6/6
  3269 | D:5      | Entered Level 5 of the Dungeon
  3306 | D:5      | Noticed Dowan
  3308 | D:5      | Noticed Duvessa
  3316 | D:5      | Killed Dowan
  3317 | D:5      | Reached skill level 5 in Unarmed Combat
  3327 | D:5      | Killed Duvessa
  3392 | D:5      | Found a staircase to the Ecumenical Temple.
  3436 | D:5      | Noticed Edmund
  3516 | D:5      | Killed Edmund
  3517 | D:5      | Reached skill level 5 in Fighting
  3517 | D:5      | Reached XP level 8. HP: 69/80 MP: 7/7
  3529 | D:5      | Reached skill level 6 in Unarmed Combat
  3589 | D:5      | Found a runed translucent door.
  3589 | D:5      | Noticed Crazy Yiuf
  3598 | D:5      | Killed Crazy Yiuf
  3877 | D:5      | Noticed Ijyb
  3883 | D:5      | Killed Ijyb
  4557 | D:6      | Noticed Menkaure
  4569 | D:6      | Killed Menkaure
  4570 | D:6      | Reached skill level 5 in Shields
  4580 | D:6      | Reached skill level 7 in Unarmed Combat
  4940 | D:6      | Reached XP level 9. HP: 83/89 MP: 8/8
  4983 | D:6      | Got the Grimoire of Beguiling
  5139 | D:7      | Noticed Maggie
  5153 | D:7      | Killed Maggie
  5477 | D:7      | Reached skill level 5 in Dodging
  5648 | D:7      | Reached skill level 8 in Unarmed Combat
  6059 | D:8      | Noticed a centaur warrior
  6074 | D:8      | Killed a centaur warrior
  6075 | D:8      | Reached skill level 9 in Unarmed Combat
  6195 | D:8      | Noticed Amaemon
  6198 | D:8      | Noticed an orange demon
  6388 | D:8      | Reached XP level 10. HP: 90/104 MP: 9/9
  6698 | D:9      | Reached skill level 10 in Unarmed Combat
  6994 | D:9      | Found a shimmering blue altar of Sif Muna.
  7023 | D:9      | Found a staircase to the Lair.
  7127 | Temple   | Entered the Ecumenical Temple
  7477 | Temple   | Became a worshipper of Zin the Law-Giver
  7477 | Temple   | Reached * piety under Zin
  7477 | Temple   | Reached ** piety under Zin
  7834 | D:8      | Noticed Maurice
  7848 | D:8      | Killed Maurice
  7872 | D:8      | Reached skill level 1 in Throwing
  7872 | D:8      | Reached skill level 1 in Invocations
  7884 | D:8      | Found a sacrificial altar of Ru.
  8253 | D:9      | Found Rahut's Book Emporium.
  8336 | D:10     | Entered Level 10 of the Dungeon
  8501 | D:10     | Reached skill level 11 in Unarmed Combat
  8501 | D:10     | Reached XP level 11. HP: 105/115 MP: 11/11
  8823 | D:10     | Found a staircase to the Orcish Mines.
  8823 | D:10     | Found Jualel's Armour Emporium.
  8872 | D:10     | Reached *** piety under Zin
  9655 | D:11     | Identified the +3 scale mail "Urcheam" {Rampage Int+4}
  9802 | D:11     | Noticed a two-headed ogre
  9808 | D:11     | Killed a two-headed ogre
  9856 | D:11     | Noticed a two-headed ogre
  9866 | D:11     | Killed a two-headed ogre
  9898 | D:11     | Reached **** piety under Zin
  9904 | D:11     | Found a portal to a secret trove of treasure.
 10021 | D:11     | Reached skill level 10 in Fighting
 10081 | D:11     | Noticed a two-headed ogre
 10085 | D:11     | Killed a two-headed ogre
 10368 | D:12     | Found a runed translucent gate.
 10370 | D:12     | Found a runed translucent gate.
 10370 | D:12     | Found a runed translucent gate.
 10372 | D:12     | Found a runed translucent door.
 10372 | D:12     | Found a runed translucent door.
 10373 | D:12     | Noticed a wolf spider
 10373 | D:12     | Noticed a wolf spider
 10373 | D:12     | Noticed a wolf spider
 10641 | D:12     | Reached skill level 12 in Unarmed Combat
 10752 | D:12     | Found the +9 staff of Olgreb {rPois∞}
 11142 | D:13     | Noticed a boulder beetle
 11142 | D:13     | Noticed Jorgrun
 11142 | D:13     | Noticed a tengu warrior
 11163 | D:13     | Noticed Urug
 11179 | D:12     | Killed a boulder beetle
 11194 | D:12     | Killed a tengu warrior
 11195 | D:12     | Reached XP level 12. HP: 92/128 MP: 14/14
 11230 | D:12     | Killed Urug
 11254 | D:13     | Noticed Kirke
 11280 | D:12     | Killed Kirke
 11316 | D:13     | Killed Jorgrun
 11385 | D:13     | Noticed Erolcha
 11392 | D:13     | Killed Erolcha
 11393 | D:13     | Reached skill level 5 in Invocations
 11468 | D:13     | Noticed a seven-headed hydra
 11473 | D:13     | Noticed a two-headed ogre
 11603 | D:13     | Reached skill level 1 in Maces & Flails
 11732 | D:13     | Reached ***** piety under Zin
 11813 | D:13     | Killed a seven-headed hydra
 11842 | D:13     | Killed a two-headed ogre
 12296 | D:14     | Noticed a centaur warrior
 12303 | D:14     | Killed a centaur warrior
 12304 | D:14     | Reached skill level 5 in Maces & Flails
 12362 | D:14     | Found a gate leading to a gauntlet.
 12371 | Gauntlet | Entered a Gauntlet
 12371 | Gauntlet | Found a transporter.
 12377 | Gauntlet | Found a runed translucent door.
 12381 | Gauntlet | Found a transporter.
 12395 | Gauntlet | Found a transporter.
 12399 | Gauntlet | Noticed a five-headed hydra
 12403 | Gauntlet | Found a transporter.
 12406 | Gauntlet | Found a transporter.
 12422 | Gauntlet | Found a transporter.
 12434 | Gauntlet | Found a transporter.
 12446 | Gauntlet | Found a transporter.
 12453 | Gauntlet | Found a transporter.
 12460 | Gauntlet | Noticed an entropy weaver
 12469 | Gauntlet | Found a transporter.
 12481 | Gauntlet | Found a runed translucent door.
 12483 | Gauntlet | Found a transporter.
 12486 | Gauntlet | Found a runed translucent door.
 12535 | Gauntlet | Found a transporter.
 12536 | Gauntlet | Found a transporter.
 12547 | Gauntlet | Found a transporter.
 12803 | Gauntlet | Reached skill level 13 in Unarmed Combat
 12803 | Gauntlet | Identified the amulet "Woowef" {Spirit Stlth+}
 12812 | Gauntlet | Killed an entropy weaver
 12907 | Gauntlet | Noticed a minotaur
 12953 | Gauntlet | Killed a minotaur
 12966 | Gauntlet | Identified the ring of Qiranwoe {rCorr MP+9 Int+3 Slay-5}
 12966 | Gauntlet | Identified the ring of the Morning {rCorr Dex+6}
 13005 | D:14     | Killed a vault guard
 13189 | D:14     | Reached skill level 5 in Throwing
 13200 | D:14     | Noticed a vault guard
 13201 | D:14     | Noticed a vault guard
 13225 | D:14     | Killed a vault guard
 13226 | D:14     | Reached XP level 13. HP: 77/137 MP: 15/15
 13285 | D:14     | Found a gate to the Vaults.
 14058 | D:14     | Identified a scroll of acquirement
 14060 | D:14     | Acquired a manual of Fighting
 14100 | D:14     | Found a shimmering altar of Xom.
 14240 | D:15     | Entered Level 15 of the Dungeon
 14414 | D:15     | Noticed an ettin
 14417 | D:15     | Killed an ettin
 14520 | D:15     | Found a staircase to the Depths.
 14837 | Orc:1    | Entered Level 1 of the Orcish Mines
 15318 | Orc:2    | Entered Level 2 of the Orcish Mines
 15364 | Orc:2    | Found Aplan's Assorted Antiques.
 15386 | Orc:2    | Bought a scroll of blinking for 210 gold pieces
 15527 | Orc:2    | Found a staircase to the Elven Halls.
 15639 | Orc:2    | Reached ****** piety under Zin
 15900 | Orc:2    | Noticed an orc warlord
 16280 | Orc:1    | Reached XP level 14. HP: 100/150 MP: 17/17
 16341 | Orc:2    | HP: 2/150 [orc warlord/+0 bardiche (21)]
 16429 | Orc:2    | Killed an orc warlord
 16430 | Orc:2    | Reached skill level 14 in Unarmed Combat
 16759 | Orc:2    | Found Rasotyic's Antique Weapon Shop.
 16790 | Orc:2    | Found Ifapnaomp's Antique Armour Shop.
 16806 | Orc:2    | Found Cakhlyle's General Store.
 16822 | Orc:2    | Found Zekanunu's Book Shop.
 16936 | Orc:2    | Bought a scroll of blinking for 127 gold pieces
 17046 | Lair:1   | Entered Level 1 of the Lair of Beasts
 17071 | Lair:1   | Found a frozen archway.
 17967 | Lair:2   | Noticed Fannar
 17977 | Lair:2   | Killed Fannar
 18535 | Lair:3   | Found a dark tunnel.
 18556 | Volcano  | Entered a volcano
 18747 | Volcano  | Found a bloodstained altar of Trog.
 19099 | Lair:3   | Found a hole to the Spider Nest.
 19114 | Lair:3   | Reached skill level 1 in Armour
 19287 | Lair:3   | Slain by an eight-headed hydra

Illustrated notes

Levels and vault maps discovered:
D:1:      grunt_arrival_crossed_arrows, layout_basic, serial_shops, shop,
          hellmonk_ecumenical_altar_leap_of_faith
D:2:      layout_basic, uniq_sigmund
D:3:      layout_loops_ring, gammafunk_ghost_arena
D:4:      layout_basic, serial_shops, shop, minivault_1, grunt_ministairs_14,
          hangedman_decor_diamond_cutter
D:5:      layout_basic, minmay_temple_entry_statues, uniq_crazy_yiuf_cottage,
          uniq_duvessa, uniq_edmund, uniq_ijyb
D:6:      layout_basic, uniq_menkaure
D:7:      layout_gridville, uniq_maggie
D:8:      layout_basic, kennysheep_mini_moat, kennysheep_island_fort,
          uniq_maurice, uniq_amaemon
D:9:      layout_roguey, mainiacjoe_overflow_tiny_flanked, dpeg_oklobed_lair,
          serial_shops, shop, serial_curves, eino_curves_03, eino_curves_04,
          corner_web_ring, minmay_unpleasant_kobolds
D:10:     layout_basic, orc_david_3, chequers_serial_rivers_large_a
D:11:     layout_long_grid, enter_trove_0
D:12:     layout_loops_ring, minmay_guarded_unrand_staff_of_olgreb
D:13:     layout_loops_ring, uniq_erolcha, uniq_jorgrun, uniq_urug, uniq_kirke
D:14:     layout_loops_corners, ximxim_vaults_locker_room,
          gauntlet_entry_generic, lemuel_coloured_pillars_altar,
          nooodl_orcs_dogs
D:15:     hangedman_depths_entry_civil_slaughter, layout_gridville,
          chequers_serial_rivers_small_3, minivault_1
Temple:   mainiacjoe_temple_big_plus
Lair:1:   layout_regular_city, portal_ice_cave_entry_ice_simulacra,
          serial_bayou_shore_b, lemuel_fruit_tree
Lair:2:   layout_cave_shapes, cheibrodos_lair_lostbears, uniq_fannar
Lair:3:   layout_gridlike, palyth_hydra_swamp_entry,
          nicolae_spider_entry_orb_guardian, nicolae_volcano_entry_lava_flow,
          nicolae_lair_lakeside_cave, serial_bayou_shore_b
Orc:1:    layout_diamond_mine
Orc:2:    grunt_orc_cross, layout_diamond_mine, serial_shops, shop

Skill      XL: |  1  2  3  4  5  6  7  8  9 10 11 12 13 14 |
---------------+-------------------------------------------+-----
Shields        | 3 4 5 6 |  6.6
Fighting       | 3 4 5 6 7 9 10 11 12 13 | 13.2
Dodging        | 3 4 5 6 |  6.4
Unarmed Combat | 3 4 5 7 9 11 12 13 14 | 14.5
Throwing       | 1 4 5 6 |  6.5
Invocations    | 2 4 5 6 |  6.6
Maces & Flails | 6 7 8 |  8.5
Armour         | 1 |  1.0

Action                   |  1- 3 |  4- 6 |  7- 9 | 10-12 | 13-15 || total
-------------------------+-------+-------+-------+-------+-------++-------
Melee: Unarmed           |   108 |    91 |   243 |   498 |   678 ||  1618
       Giant spiked club |       |       |       |     9 |       ||     9
Throw: Throwing net      |       |       |     1 |       |     3 ||     4
       Boomerang         |       |       |       |    22 |       ||    22
       Large rock        |       |       |       |       |    26 ||    26
Invok: Vitalisation      |       |       |       |     3 |     3 ||     6
       Sanctuary         |       |       |       |       |     1 ||     1
       Recite            |       |       |       |       |     2 ||     2
Evoke: Wand              |       |     3 |     8 |     7 |     1 ||    19
  Use: Scroll            |     1 |     6 |     8 |    14 |     9 ||    38
       Potion            |     1 |     4 |       |     9 |     5 ||    19
 Stab: Sleeping          |       |     2 |       |       |       ||     2
Armor: Robe              |    25 |    28 |    26 |       |       ||    79
       Steam dragon scal |       |       |    48 |    19 |       ||    67
       Troll leather arm |       |       |       |   114 |   196 ||   310
Dodge: Dodged            |    32 |    30 |    86 |   137 |   221 ||   506
Block: Kite shield       |    36 |    48 |   199 |   307 |   528 ||  1118
       Reflection        |       |       |    16 |    10 |    27 ||    53
       Other             |       |       |       |     3 |       ||     3
